 Dungeon Crawl Stone Soup version 0.28.0-45-g0d030f2227 (webtiles) character file.

Game seed: 8111486688152857911

19700 MisterFreud the Martial Artist (level 12, -2/95 HPs)
             Began as a Yellow Draconian Transmuter on Apr 12, 2022.
             Was a High Priest of Ru.
             Slain by a vampire mosquito (11 damage)
             ... on level 12 of the Dungeon.
             The game lasted 00:35:06 (14375 turns).

MisterFreud the Martial Artist (DrTm)              Turns: 14375, Time: 00:35:07

Health: -2/95      AC:  2    Str: 12    XL:     12   Next: 38%
Magic:  17/19      EV: 29    Int: 13    God:    Ru [*****.]
Gold:   1414       SH:  0    Dex: 23    Spells: 11/21 levels left

rFire   . . .      SeeInvis +     - Unarmed
rCold   . . .      Faith    .   (shield unavailable)
rNeg    . . .      Spirit   .   (armour unavailable)
rPois   x          Reflect  .   (helmet currently unavailable)
rElec   .          Harm     .   (cloak currently unavailable)
rCorr   .          Rampage  .   (gloves currently unavailable)
Will    .....                   (boots currently unavailable)
Stlth   ++........              (no amulet)
HPRegen 0.25/turn               (ring unavailable)
MPRegen 0.16/turn               J - ring of see invisible

@: brilliant, spider-form (expiring), marked
A: venomous fangs, (spit acid), AC +8, tiny, unfitting armour, frail 1,
(cold-blooded), missing a hand, (acid resistance)
a: End Transformation, Renounce Religion, Draw Out Power, Power Leap, Apocalypse


You were on level 12 of the Dungeon.
You worshipped Ru.
Ru was extremely pleased with you.
You were a venomous arachnid creature.
You visited 2 branches of the dungeon, and saw 13 of its levels.
You also visited: Bailey.

You collected 1551 gold pieces.
You spent 137 gold pieces at shops.

Inventory:

Hand Weapons
 H - the +6 mace of Nixeimp {spect, rElec rN+ Will++ Stlth-}
   (You found it on level 8 of the Dungeon)

   When its wielder attacks, the weapon's spirit leaps out and strikes again.
   The spirit shares a part of any damage it takes with its wielder.
   rElec:     It insulates you from electricity.
   rN:        It protects you from negative energy.
   Will:      It greatly increases your willpower.
   Stlth:     It makes you less stealthy.
Missiles
 b - 25 poisoned darts
 p - 9 boomerangs
 q - 4 datura-tipped darts
 r - 4 throwing nets
 s - 2 atropa-tipped darts
 C - 5 curare-tipped darts
Armour
 h - a +1 hat of intelligence (melded)
 t - the +0 pair of boots of Modesty (melded) {rElec rC+ Will+++ Str-4}
   (You acquired it in a bailey)

   Str:       It affects your strength (-4).
   rC:        It protects you from cold.
   rElec:     It insulates you from electricity.
   Will:      It greatly increases your willpower.
 F - a +0 pair of gloves (melded)
Jewellery
 d - a +4 ring of evasion
 j - a ring of wizardry
 J - a ring of see invisible (right front leg)
 O - a ring of positive energy
Wands
 n - a wand of polymorph (11)
 v - a wand of iceblast (12)
 x - a wand of flame (12)
 P - a wand of mindburst (4)
Scrolls
 g - 7 scrolls of teleportation
 k - a scroll of enchant weapon
 u - a scroll of amnesia {unknown}
 w - a scroll of immolation {unknown}
 y - 2 scrolls of fear
 z - a scroll of brand weapon {unknown}
 A - a scroll of vulnerability {unknown}
 B - 2 scrolls of noise {unknown}
 D - 2 scrolls of holy word
 E - a scroll of fog
 G - a scroll of blinking
 K - 2 scrolls of enchant armour
 M - 2 scrolls of identify
Potions
 c - 4 potions of lignification
 e - 2 potions of curing
 f - 3 potions of might
 i - 2 potions of attraction
 l - 2 potions of mutation {unknown}
 m - 3 potions of heal wounds
 o - 2 potions of ambrosia
 I - a potion of magic {unknown}
 L - 2 potions of resistance
 N - a potion of haste


   Skills:
 - Level 10.0 Fighting
 + Level 9.2 Dodging
 - Level 12.0 Unarmed Combat
 - Level 5.0 Spellcasting
 - Level 8.0 Transmutations
 + Level 2.9 Ice Magic
 - Level 2.0 Poison Magic
 - Level 5.0 Evocations


You had 11 spell levels left.
You knew the following spells:

 Your Spells              Type           Power      Damage    Failure   Level
a - Beastly Appendage     Tmut           72%        N/A       4%          1
b - Wereblood             Tmut           36%        N/A       5%          2
c - Spider Form           Tmut/Pois      24%        N/A       19%         3
d - Ice Form              Ice/Tmut       26%        N/A       41%         4

Your spell library contained the following spells:

 Spells                   Type           Power      Damage    Failure   Level
 Magic Dart               Conj           16%        1d3       38%         1
 Blink                    Tloc           8%         N/A       50%         2
 Call Imp                 Summ           4%         N/A       50%         2
 Mephitic Cloud           Conj/Pois/Air  7%         N/A       63%         3
 Inner Flame              Hex/Fire       4%         N/A       71%         3
 Lesser Beckoning         Tloc           4%         N/A       71%         3
 Agony                    Necr           4%         N/A       100%        5
 Manifold Assault         Tloc           4%         N/A       100%        5
 Silence                  Hex/Air        2%         N/A       100%        5
 Summon Forest            Summ/Tloc      2%         N/A       100%        5
 Summon Mana Viper        Hex/Summ       4%         N/A       100%        5
 Summon Cactus Giant      Summ           2%         N/A       100%        6


Dungeon Overview and Level Annotations

Branches:
Dungeon (12/15)            Temple (1/1) D:6             Orc (0/2) D:10
 Bailey (visited)
   Lair: D:8-11

Altars:
Ashenzari
Cheibriados
Dithmenos
Elyvilon
Fedhas
Gozag
Hepliaklqana
Kikubaaqudgha
Makhleb
Nemelex Xobeh
Okawaru
Qazlal
Ru
Sif Muna
Trog
Uskayaw
Vehumet
Wu Jian
Xom
Yredelemnul
Zin
The Shining One

Shops:
D:7 *

Annotations:
D:1 1 runed translucent door


Innate Abilities, Weirdness & Mutations

You are a venomous arachnid creature.
You have poisonous fangs.
You are tiny and dextrous.
Your spellcasting is less reliable in this form.
Your armour is entirely melded.
You are incapable of wielding weapons or throwing items.
((You can spit globs of acid.))
((Your golden yellow scales are hard. (AC +8)))
You cannot fit into any form of body armour.
You are frail. (-10% HP)
((You are cold-blooded and may be slowed by cold attacks.))
You are missing a hand.
((You are resistant to acid. (rCorr)))


Message History

The vampire mosquito barely misses you.
The deep elf pyromancer mumbles some strange words.
The deep elf pyromancer blinks!
You bite the vampire mosquito!
The vampire mosquito is severely damaged.
The vampire mosquito bites you.
* * * LOW HITPOINT WARNING * * *
The vampire mosquito draws strength from your injuries!
You closely miss the vampire mosquito.
The vampire mosquito is heavily damaged.
The vampire mosquito completely misses you.
The vampire mosquito bites you.
* * * LOW HITPOINT WARNING * * *
The vampire mosquito draws strength from your injuries!
The orc wizard begins to cast a spell, but is stunned by your conviction!
You closely miss the vampire mosquito.
The vampire mosquito is heavily damaged.
The vampire mosquito closely misses you.
You redirect the orc wizard's attack!
You bite the vampire mosquito!
You destroy the vampire mosquito!
The deep elf pyromancer mumbles some strange words.
The deep elf pyromancer blinks!
A basilisk comes into view.
The vampire mosquito bites you.
* * * LOW HITPOINT WARNING * * *
The vampire mosquito draws strength from your injuries!
The deep elf pyromancer hits you with a +0 rapier.
* * * LOW HITPOINT WARNING * * *
You hit the deep elf pyromancer.
The deep elf pyromancer is poisoned.
The deep elf pyromancer is lightly wounded.
The vampire mosquito completely misses you.
Unknown command.
Unknown command.
You feel clever all of a sudden. The vampire mosquito misses you.
The deep elf pyromancer hits you with a +0 rapier.
* * * LOW HITPOINT WARNING * * *
The vampire mosquito bites you!
You die...

....... ........#
#.......# #.......#
+.y.....# . #.......#
....#######.....?.#
......esy.oo..)...#
.##########l......#
+.......# #.......#
#.......# #.......#
#.......#
#..###########.......#
#....o.<.....o.......#


You could see a deep elf pyromancer (very poisoned), a basilisk, a vampire
mosquito, an orc wizard and an orc.

Vanquished Creatures
  Gastronok (D:8)
  An ogre mage (D:10)
  2 vault guards (Bailey)
  A boulder beetle (D:7)
  5 two-headed ogres
  Nergalle (D:10)
  Pikel (D:4)
  A cyclops (D:11)
  A gargoyle (D:11)
  2 unseen horrors (D:11)
  A cane toad (Bailey)
  Prince Ribbit (D:8)
  Grinder (D:6)
  3 hornets (D:9)
  2 wraiths (D:11)
  Grum (D:8)
  A vampire (D:11)
  12 yaks
  5 humans (Bailey)
  A warg (D:10)
  5 vampire mosquitoes
  3 water moccasins
  2 acid dragons
  2 ice beasts
  2 sky beasts
  9 orc warriors
  A necrophage (D:7)
  An ogre (D:10)
  2 wolves (D:8)
  8 centaurs
  A phantom (D:6)
  4 kobold brigands
  11 bullfrogs
  2 gnoll sergeants
  A wyvern skeleton (D:7)
  10 killer bees
  6 howler monkeys
  2 centaur zombies
  A bullfrog zombie (D:7)
  4 gnoll shamans
  5 hounds
  2 centaur skeletons
  Natasha (thrice) (D:3)
  2 iguanas (D:6)
  10 orc wizards
  A scorpion zombie (D:5)
  2 killer bee zombies
  Robin (D:4)
  A howler monkey zombie (D:6)
  33 gnolls
  6 adders
  4 shadow imps
  A white imp (D:7)
  An adder skeleton (D:4)
  A worm (D:2)
  2 dart slugs
  24 orcs
  3 endoplasms
  4 giant cockroaches
  25 goblins
  13 hobgoblins
  2 jackals (D:1)
  21 kobolds
  3 quokkas
  A ball python (D:1)
  3 bats
  4 frilled lizards
  7 rats
306 creatures vanquished.

Notes
Turn   | Place    | Note
-------+----------+-------------------------------------------
     0 | D:1      | MisterFreud the Draconian Transmuter began the quest for
                  | the Orb.
     0 | D:1      | Reached XP level 1. HP: 16/16 MP: 3/3
     1 | D:1      | Found a runed translucent door.
   236 | D:1      | Found a faded altar of an unknown god.
   340 | D:1      | Reached XP level 2. HP: 23/23 MP: 3/5
   783 | D:1      | Learned a level 2 spell: Wereblood
  1273 | D:2      | Reached XP level 3. HP: 28/28 MP: 3/6
  1740 | D:2      | Learned a level 3 spell: Spider Form
  1817 | D:2      | Reached XP level 4. HP: 36/36 MP: 5/7
  2133 | D:2      | Reached skill level 1 in Poison Magic
  2461 | D:3      | Noticed Natasha
  2473 | D:3      | Killed Natasha
  2696 | D:3      | Noticed Natasha
  2709 | D:3      | Killed Natasha
  2710 | D:3      | Reached XP level 5. HP: 20/42 MP: 4/8
  3081 | D:3      | Noticed Natasha
  3088 | D:3      | Killed Natasha
  3345 | D:4      | Noticed a lemure
  3346 | D:4      | Noticed a lemure
  3348 | D:4      | Noticed Pikel
  3349 | D:4      | Noticed a lemure
  3352 | D:4      | Noticed a lemure
  3362 | D:4      | Killed Pikel
  3363 | D:4      | Reached skill level 6 in Unarmed Combat
  3363 | D:4      | Reached skill level 5 in Transmutations
  3363 | D:4      | Reached XP level 6. HP: 36/51 MP: 6/9
  3363 | D:4      | Your scales start taking on a golden yellow colour.
  3363 | D:4      | Reached XP level 7. HP: 40/57 MP: 6/10
  3363 | D:4      | Gained mutation: You are resistant to acid. (rCorr) [Yellow
                  | Draconian growth]
  4103 | D:4      | Noticed Robin
  4113 | D:4      | Killed Robin
  4367 | D:5      | Entered Level 5 of the Dungeon
  4390 | D:5      | Reached skill level 7 in Unarmed Combat
  4949 | D:5      | Reached XP level 8. HP: 63/63 MP: 7/11
  5032 | D:5      | Reached skill level 8 in Unarmed Combat
  5650 | D:6      | Reached skill level 5 in Fighting
  5941 | D:6      | Noticed Grinder
  6451 | D:6      | Paralysed by Grinder for 3 turns
  6465 | D:6      | Killed Grinder
  6643 | D:6      | Reached skill level 5 in Dodging
  6643 | D:6      | Reached XP level 9. HP: 75/75 MP: 8/12
  7119 | D:6      | Found a staircase to the Ecumenical Temple.
  7194 | Temple   | Entered the Ecumenical Temple
  7419 | Temple   | Became a worshipper of Ru the Awakened
  7573 | D:7      | Reached skill level 9 in Unarmed Combat
  7630 | D:7      | Noticed a boulder beetle
  7652 | D:7      | Killed a boulder beetle
  7653 | D:7      | Reached skill level 10 in Unarmed Combat
  8237 | D:7      | Found Cutatuar's General Store.
  8245 | D:7      | Bought a potion of heal wounds for 55 gold pieces
  8245 | D:7      | Bought a scroll of blinking for 82 gold pieces
  8459 | D:8      | Noticed Grum
  8477 | D:8      | Killed Grum
  8478 | D:8      | Reached skill level 11 in Unarmed Combat
  8478 | D:8      | Reached XP level 10. HP: 46/83 MP: 10/13
  8652 | D:8      | Identified the +6 mace of Nixeimp {spect, rElec rN+ Will++
                  | Stlth-}
  8795 | D:8      | Found a flagged portal.
  8805 | Bailey   | Entered a bailey
  8818 | Bailey   | Reached skill level 12 in Unarmed Combat
  9075 | Bailey   | Gained mutation: You are missing a hand. [Ru sacrifice]
  9075 | Bailey   | Reached * piety under Ru
  9075 | Bailey   | Reached ** piety under Ru
  9075 | Bailey   | Reached *** piety under Ru
  9167 | Bailey   | Noticed a cane toad
  9169 | Bailey   | Noticed a vault guard
  9175 | Bailey   | Killed a cane toad
  9200 | Bailey   | Killed a vault guard
  9376 | Bailey   | Noticed a vault guard
  9401 | Bailey   | Killed a vault guard
  9402 | Bailey   | Reached skill level 10 in Fighting
  9703 | Bailey   | Identified 2 scrolls of acquirement
  9703 | Bailey   | Acquired 846 gold pieces
  9706 | Bailey   | Acquired the +0 pair of boots of Modesty {rElec rC+ Will+++
                  | Str-4}
  9784 | D:8      | Noticed Gastronok
  9809 | D:8      | Killed Gastronok
  9810 | D:8      | Reached XP level 11. HP: 71/99 MP: 12/14
  9972 | D:8      | Reached skill level 5 in Evocations
 10131 | D:8      | Noticed Prince Ribbit
 10148 | D:8      | Killed Prince Ribbit
 11514 | D:10     | Entered Level 10 of the Dungeon
 11570 | D:10     | Found a staircase to the Orcish Mines.
 11962 | D:10     | Gained mutation: You are frail. (-10% HP) [Ru sacrifice]
 11962 | D:10     | Reached **** piety under Ru
 11962 | D:10     | Reached ***** piety under Ru
 11999 | D:10     | You fall into a shaft and drop 1 floor!
 12250 | D:10     | Got the Catalogue of Evil Malediction
 12296 | D:10     | Noticed a two-headed ogre
 12298 | D:10     | Noticed a two-headed ogre
 12328 | D:10     | Killed a two-headed ogre
 12338 | D:10     | Killed a two-headed ogre
 12339 | D:10     | Reached skill level 5 in Spellcasting
 12540 | D:10     | Noticed an ogre mage
 12557 | D:10     | Noticed a two-headed ogre
 12558 | D:10     | Killed an ogre mage
 12576 | D:10     | Killed a two-headed ogre
 12967 | D:10     | Noticed a two-headed ogre
 12973 | D:10     | Killed a two-headed ogre
 12974 | D:10     | Reached XP level 12. HP: 95/95 MP: 15/19
 13016 | D:10     | Noticed Nergalle
 13033 | D:10     | Killed Nergalle
 13631 | D:10     | Found an ornate altar of the Wu Jian Council.
 14163 | D:11     | Learned a level 4 spell: Ice Form
 14239 | D:11     | Noticed a two-headed ogre
 14239 | D:11     | Noticed a two-headed ogre
 14239 | D:11     | Noticed a catoblepas
 14244 | D:11     | Reached skill level 1 in Ice Magic
 14252 | D:11     | Killed a two-headed ogre
 14375 | D:12     | Slain by a vampire mosquito

Illustrated notes

Levels and vault maps discovered:
D:1:      dpeg_arrival_caged_fury, layout_basic, basic_ecumenical_altar,
          kennysheep_pointless_box, hangedman_abyss_or_decor_lesser_grid,
          serial_bayou_pond_e, nicolae_figureground_pulse
D:2:      cheibrodos_greedy_goblins, layout_basic,
          minmay_fractal_squares_gapless_5
D:3:      layout_basic, uniq_natasha
D:4:      layout_loops_corners, uniq_robin, uniq_pikel
D:5:      layout_basic
D:6:      layout_rooms, minmay_temple_entry_poolview, minmay_bent, uniq_grinder
D:7:      layout_rooms, serial_shops, nicolae_shop_trees
D:8:      layout_basic, enter_bailey_2, st_stairs_11, uniq_prince_ribbit1,
          uniq_grum, uniq_gastronok
D:9:      layout_long_grid
D:10:     layout_long_grid, nicolae_wu_jian_immortal_techniques,
          david_orc_1_choice, uniq_nergalle
D:11:     minmay_four_partial_circles, layout_basic,
          nicolae_elevator_lobby_asterisk, uniq_erica
D:12:     cheibrodos_body_horror, layout_irregular_city
Temple:   mainiacjoe_temple_archimedes_tessellation

Skill      XL: |  1  2  3  4  5  6  7  8  9 10 11 12 |
---------------+-------------------------------------+-----
Transmutations | 3 4 5 8 |  8.0
Fighting       | 2 3 6 10 | 10.0
Poison Magic   | 1 2 |  2.0
Unarmed Combat | 6 7 8 11 12 | 12.0
Dodging        | 5 6 7 9 |  9.2
Evocations     | 4 5 |  5.0
Spellcasting   | 5 |  5.0
Ice Magic      | 2 |  2.9

Action                   |  1- 3 |  4- 6 |  7- 9 | 10-12 || total
-------------------------+-------+-------+-------+-------++-------
Melee: Unarmed           |    84 |    87 |   341 |   460 ||   972
       Kick              |    23 |    11 |     4 |       ||    38
       Headbutt          |    12 |     5 |     1 |       ||    18
       Tailslap          |    12 |     6 |     8 |     6 ||    32
       Punch             |     3 |     1 |     1 |       ||     5
 Cast: Beastly Appendage |    23 |    13 |     5 |     2 ||    43
       Spider Form       |       |     5 |    35 |    48 ||    88
Invok: Sacrifice a Hand  |       |       |       |     1 ||     1
       Sacrifice Health  |       |       |       |     1 ||     1
       Apocalypse        |       |       |       |     1 ||     1
 Abil: Breathe Acid      |       |       |    15 |    20 ||    35
       End Transformatio |       |       |     1 |       ||     1
Evoke: Wand              |       |       |     1 |     1 ||     2
  Use: Scroll            |     2 |     2 |     2 |    10 ||    16
       Potion            |       |       |     1 |     1 ||     2
 Stab: Sleeping          |       |     1 |       |       ||     1
       Invisible         |       |       |       |     3 ||     3
       Distracted        |       |       |       |     1 ||     1
Armor: Skin              |    18 |     7 |    26 |    23 ||    74
Dodge: Dodged            |    44 |    64 |   367 |   497 ||   972
